 Seeded DCSS version 0.32-a0-33-g74fbe469d6 (webtiles) character file.

Game seed: 9872065412798756122 (custom seed)

47 timneilson the Ruffian (level 3, -1/24 HPs)
             Began as an Octopode Shapeshifter on Jan 20, 2024.
             Slain by a ribbon worm (4 damage)
             ... on level 3 of the Dungeon.
             The game lasted 00:02:20 (2016 turns).

timneilson the Ruffian (Octopode Shapeshifter)      Turns: 2016, Time: 00:02:21

Health: -1/24      AC:  1    Str: 15    XL:     3   Next: 70%
Magic:  3/3        EV: 13    Int: 12    God:
Gold:   94         SH:  0    Dex: 11    Spells: 2/2 levels left

rFire   . .          .
                       - Unarmed
rCold   . . .        (no shield)
rNeg    . . .        (helmet currently unavailable)
rPois   .            (no amulet)
rElec   .            (no ring)
rCorr   .            (no ring)
SInv    .            (no ring)
Will    .....        (no ring)
Stlth   +++          (no ring)
HPRegen 0.24/turn    (no ring)
MPRegen 0.08/turn    (no ring)
                     (no ring)

%: no passive effects
@: beast-form
A: beast (slay +1), almost no armour, amphibious, 8 rings, camouflage 1,
gelatinous body 1, (nimble swimmer 1), tentacles
a: Begin Untransformation


You were on level 3 of the Dungeon.
You were a hulking beast.
You visited 1 branch of the dungeon, and saw 3 of its levels.

You collected 94 gold pieces.

Inventory:

Missiles
 d - 6 poisoned darts (quivered)
Talismans
 b - a beast talisman
 c - a flux talisman
Scrolls
 f - a scroll of revelation
 h - a scroll of fear
 j - a scroll of brand weapon
 l - a scroll of poison
Potions
 a - a potion of lignification
 e - 2 potions of magic {unknown}
 g - a potion of invisibility
 n - a potion of heal wounds


   Skills:
 * Level 1.7 Fighting
 * Level 2.5 Dodging
 + Level 1.2 Stealth
 * Level 3.4 Unarmed Combat
 * Level 3.2 Shapeshifting


You had 2 spell levels left.
You didn't know any spells.
Your spell library was empty.

Dungeon Overview and Level Annotations

Branches:
Dungeon (3/15)

Altars:

Shops:
D:1 :


Innate Abilities, Weirdness & Mutations

You are a hulking beast.
Your limbs bulge with bestial killing power. (Slay +1)
You cannot wear most types of armour.
You are amphibious.
You can wear up to eight rings at the same time.
Your skin changes colour to match your surroundings (Stealth+).
Your rubbery body absorbs attacks. (AC +1, EV +1)
((You are camouflaged when in or above water. (Stealth+)))
You have tentacles for arms and can constrict up to eight enemies at once.


Message History

There is a stone staircase leading up here.
Your adder dissolves into shadows!
There is a stone staircase leading down here.
You climb downwards.
There is a stone staircase leading up here.
The helpless adder fails to defend itself.
You tentacle-slap the adder. You grab the adder.
The adder is heavily wounded.
You constrict the adder, but do no damage.
The adder bites you.
You are poisoned.
The adder poisons you!
You barely miss the adder.
The adder is heavily wounded.
You constrict the adder.
You feel sick. The adder bites you.
You tentacle-slap the adder.
The adder is almost dead.
You constrict the adder.
You kill the adder!
You feel sick.
You feel sick.
You see here an adder corpse.
You start resting.
You feel sick. x2
You are no longer poisoned.
A ribbon worm comes into view.
The ribbon worm expels a string of sticky webbing.
The stream of webbing misses you. The ribbon worm bites you!
You tentacle-slap the ribbon worm. Your grab misses the ribbon worm.
You squeeze the ribbon worm, but do no damage.
The ribbon worm is moderately wounded.
The ribbon worm bites you.
* * * LOW HITPOINT WARNING * * *
You tentacle-slap the ribbon worm. You grab the ribbon worm.
The ribbon worm is moderately wounded.
You constrict the ribbon worm. You tentacle-slap the ribbon worm.
The ribbon worm is severely wounded.
You constrict the ribbon worm. The ribbon worm bites you.
You die...

.........
#........##
####........#
#.........#.#
#.#.#.....#.#
...........##
#......†..#
#.......#.#
##<....##h#
##...###w#
##### #..
##.. ... ##..
###


You could see a ribbon worm.

Vanquished Creatures
  2 adders
  A bat (D:1)
  6 endoplasms
  A giant cockroach (D:2)
  2 goblins (D:2)
  4 hobgoblins (D:2)
  A ball python (D:2)
  2 frilled lizards (D:1)
  5 kobolds
  3 rats (D:1)
27 creatures vanquished.

Notes
Turn   | Place    | Note
-------+----------+-------------------------------------------
     0 | D:1      | timneilson the Octopode Shapeshifter began the quest for
                  | the Orb.
     0 | D:1      | Reached XP level 1. HP: 13/13 MP: 1/1
   227 | D:1      | Found Logiotz's Book Emporium.
   299 | D:1      | Reached XP level 2. HP: 18/18 MP: 2/2
  1140 | D:2      | Reached XP level 3. HP: 12/23 MP: 3/3
  1366 | D:2      | Reached skill level 1 in Stealth
  1881 | D:2      | Found a faded altar of an unknown god.
  2016 | D:3      | Slain by a ribbon worm

Illustrated notes

Levels and vault maps discovered:
D:1:      dpeg_arrival_stone_temple_mockup, layout_loops_corners, serial_shops,
          shop, minmay_split_cup_large
D:2:      layout_basic, chequers_ecumenical_altar_grove, chequers_jeans
D:3:      cheibrodos_thug_alley, layout_rooms, grunt_temple_overflow_opulence,
          grunt_temple_overflow_open, biasface_ghost_orc_armoury, uniq_sigmund

Skill      XL: |  1  2  3 |
---------------+----------+-----
Stealth        | 1 |  1.2
Fighting       | |  1.7
Dodging        | |  2.5
Unarmed Combat | |  3.4
Shapeshifting  | |  3.2

Action                     || total
---------------------------++-------
  Melee: Unarmed           ||    53
         Constrict         ||    13
         Tentacles         ||     8
         Punch             ||     2
    Use: Scroll            ||    11
   Stab: Sleeping          ||     8
 Armour: Skin              ||    17
  Dodge: Dodged            ||    34

Table legend: (Time is in decaauts)
 A = Elapsed time spent in this place.
 B = Non-inter-level travel time spent in this place.
 C = Inter-level travel time spent in this place.
 D = Time resting spent in this place.
 E = Time spent auto-exploring this place.
 F = Levels seen in this place.
 G = Mean time per level.
                   A        B        C        D        E       F      G
               +--------+--------+--------+--------+--------+-----+--------+
         Total |   2012 |   1891 |    121 |    107 |   1552 |   3 |  670.7 |
       Dungeon |   2012 |   1891 |    121 |    107 |   1552 |   3 |  670.7 |
               +--------+--------+--------+--------+--------+-----+--------+

Top non-repeatable levels by time:
     D:2: 1031 daAuts
     D:1: 965 daAuts
     D:3: 15 daAuts
